 Dungeon Crawl Stone Soup version 0.23.2-33-g5129a83184 (webtiles) character file.

Game seed: 8537867847862849983

440 Folque the Charmwright (level 6, 0/48 HPs)
             Began as a Centaur Skald on July 8, 2019.
             Killed from afar by an orc wizard (7 damage)
             ... with a puff of flame
             ... on level 4 of the Dungeon.
             The game lasted 00:09:01 (2957 turns).

Folque the Charmwright (Centaur Skald)              Turns: 2957, Time: 00:09:03

Health: 0/48       AC:  5    Str: 14    XL:     6   Next: 70%
Magic:  10/10      EV:  9    Int: 13    God:
Gold:   128        SH:  0    Dex:  9    Spells: 3/11 levels left

rFire    . . .     SeeInvis .   a - +0 falchion
rCold    . . .     Gourm    .   (no shield)
rNeg     . . .     Faith    .   b - +0 leather armour
rPois    .         Spirit   .   (no helmet)
rElec    .         Reflect  .   (no cloak)
rCorr    .         Harm     .   i - +0 pair of gloves
MR       .....                  (no barding)
Stlth    ..........             (no amulet)
HPRegen  0.16/turn              (no ring)
MPRegen  0.12/turn              (no ring)

@: singing (expiring), very quick
A: large, hooves 3, deformed body, speed 2, tough skin 3
a: no special abilities


You were on level 4 of the Dungeon.
You were not hungry.

You visited 1 branch of the dungeon, and saw 6 of its levels.

You collected 128 gold pieces.

Inventory:

Hand Weapons
 a - a +0 falchion (weapon)
 p - the cursed +3 long sword of Battle {antimagic, rElec Str+3}
   (You found it on level 4 of the Dungeon)

   It reduces the magical energy of the wielder, and disrupts the spells and
   magical abilities of those hit.
   Natural abilities and divine invocations are not affected.
   It affects your strength (+3).
   It insulates you from electricity.
   It has a curse placed upon it.
Armour
 b - a +0 leather armour (worn)
 i - a +0 pair of gloves (worn)
Jewellery
 m - a cursed amulet of inaccuracy {unknown}
Scrolls
 c - 2 scrolls of immolation
 e - a scroll of fear {unknown}
 f - a scroll of amnesia {unknown}
 g - 2 scrolls of magic mapping {unknown}
 h - a scroll of enchant armour {unknown}
 j - a scroll of noise {unknown}
 k - 3 scrolls of identify
 l - 2 scrolls of remove curse {unknown}
Potions
 n - a potion of heal wounds
Comestibles
 d - 3 rations
 o - a chunk of flesh


   Skills:
 - Level 2.0 Fighting
 + Level 3.7 Long Blades
 - Level 0.6 Armour
 - Level 1.3 Dodging
 - Level 3.1 Spellcasting
 * Level 2.1 Hexes
 + Level 4.4 Charms


You had 3 spell levels left.
You knew the following spells:

 Your Spells              Type           Power        Failure   Level  Hunger
a - Infusion              Chrm           ##..         4%          1    #......
b - Shroud of Golubria    Chrm/Tloc      #.........   17%         2    ##.....
c - Spectral Weapon       Hex/Chrm       ##......     22%         3    ###....
d - Song of Slaying       Chrm           ##......     7%          2    ##.....

Your spell library contained the following spells:

 Spells                   Type           Power        Failure   Level  Hunger
 Regeneration             Chrm/Necr      #.........   34%         3    ###....


Dungeon Overview and Level Annotations

Branches:
Dungeon (6/15)             Temple (0/1) D:4

Altars:
Makhleb
Trog


Innate Abilities, Weirdness & Mutations

You have hooves in place of feet.
Armour fits poorly on your strangely shaped body.
You cover ground very quickly.
You have extremely tough skin. (AC +3)


Message History

The orc wizard barely misses you. The orc hits you but does no damage.
You hit the orc. Your kick misses the orc.
The orc is heavily wounded.
The orc barely misses you.
The orc wizard miscasts a cantrip.
The orc hits you but does no damage.
You closely miss the orc.
The orc is heavily wounded.
Your song is almost over.
The orc hits you with a +0 hand axe. The orc wizard closely misses you.
The orc hits you.
* * * LOW HITPOINT WARNING * * *
Unknown command.
You barely miss the orc wizard.
The orc wizard is almost dead.
The orc hits you with a +0 hand axe.
* * * LOW HITPOINT WARNING * * *
The orc wizard casts a spell at you. The puff of flame hits you!
You die...

..........#####'########.........
..........#.....###..............
..........#.###..................
..........#.# #...........###'##+
###########.# #........... #.##.
#.###........... #.###
#...'........... #<..# .
#####.......... #.#.# ...
#o@....... #.#.#
....#####oo....... #.#.#
.......%..)....... #.#.#
.................. #.#..
##................ #.###
#................ #.
#........######## #........#
#........#


You could see an orc wizard and 2 orcs.

Vanquished Creatures
  An ogre (D:4)
  A bullfrog (D:4)
  A centaur skeleton (D:4)
  A hound (D:4)
  2 orc wizards (D:4)
  An iguana (D:4)
  2 worker ants (D:4)
  5 adders
  4 worms
  A dart slug (D:2)
  4 leopard geckos
  8 orcs
  2 bats (D:1)
  3 giant cockroaches
  4 goblins
  A hobgoblin (D:2)
  2 jackals (D:2)
  A kobold (D:1)
  A quokka (D:4)
  3 frilled lizards
  4 rats
52 creatures vanquished.

Notes
Turn   | Place    | Note
-------+----------+-------------------------------------------
     0 | D:1      | Folque the Centaur Skald began the quest for the Orb.
     0 | D:1      | Reached XP level 1. HP: 17/17 MP: 3/3
   140 | D:1      | Reached XP level 2. HP: 22/24 MP: 4/4
   275 | D:1      | Reached skill level 3 in Charms
   289 | D:1      | You fall through a shaft!
   354 | D:2      | Learned a level 2 spell: Shroud of Golubria
   432 | D:2      | Reached XP level 3. HP: 4/29 MP: 3/5
   433 | D:2      | HP: 1/29 [hobgoblin (2)]
  1362 | D:2      | Learned a level 3 spell: Spectral Weapon
  1848 | D:3      | Reached XP level 4. HP: 36/36 MP: 7/7
  1870 | D:3      | Found a bloodstained altar of Trog.
  1870 | D:3      | Found a burning altar of Makhleb.
  1892 | D:3      | You fall through a shaft for 3 floors!
  1902 | D:6      | Noticed an ogre
  1928 | D:5      | Entered Level 5 of the Dungeon
  1928 | D:5      | Noticed an ice beast
  1931 | D:5      | Noticed an ice beast
  2345 | D:4      | Reached XP level 5. HP: 23/41 MP: 1/8
  2358 | D:4      | Noticed an ogre
  2365 | D:4      | Killed an ogre
  2365 | D:4      | Reached skill level 4 in Charms
  2424 | D:4      | Learned a level 2 spell: Song of Slaying
  2499 | D:4      | Reached XP level 6. HP: 15/48 MP: 2/10
  2578 | D:4      | Found a staircase to the Ecumenical Temple.
  2603 | D:4      | Reached skill level 1 in Hexes
  2618 | D:4      | HP: 2/48 [poisoned by a worker ant]
  2628 | D:4      | HP: 1/48 [poisoned by a worker ant]
  2633 | D:4      | HP: 1/48 [poisoned by a worker ant]
  2660 | D:4      | Got a brightly glowing long sword
  2661 | D:4      | Identified the cursed +3 long sword of Battle {antimagic,
                  | rElec Str+3} (You found it on level 4 of the Dungeon)
  2957 | D:4      | Killed from afar by an orc wizard

Skill      XL: |  1  2  3  4  5  6 |
---------------+-------------------+-----
Long Blades    | 2 3 |  3.7
Charms         | 3 4 |  4.4
Spellcasting   | 2 3 |  3.1
Hexes          | 2 |  2.1
Fighting       | |  2.0
Armour         | |  0.6
Dodging        | |  1.3

Action                   |  1- 3 |  4- 6 || total
-------------------------+-------+-------++-------
Melee: Falchion          |   107 |    91 ||   198
       Kick              |    11 |    19 ||    30
 Cast: Infusion          |     6 |     2 ||     8
       Shroud of Golubri |     5 |     1 ||     6
       Spectral Weapon   |       |     7 ||     7
       Song of Slaying   |       |     3 ||     3
  Use: Potion            |     3 |     1 ||     4
       Scroll            |     1 |     1 ||     2
 Stab: Invisible         |     1 |       ||     1
  Eat: Chunk             |     3 |     5 ||     8
Armor: Leather armour    |    42 |    46 ||    88
Dodge: Dodged            |    63 |    49 ||   112
       Rpst.: Falchion   |    17 |    11 ||    28
